 Dungeon Crawl Stone Soup version 0.23-a0-358-g98c7a59ffc (webtiles) character file.

588772 Mulqof the Warrior (level 27, -13/224 HPs)
             Began as a Human Ice Elementalist on Oct 20, 2018.
             Was a High Priest of Sif Muna.
             Mangled by Lirgh the pandemonium lord (25 damage)
             ... on level 12 of the Dungeon on Oct 23, 2018.
             The game lasted 09:43:05 (109166 turns).

Mulqof the Warrior (Human Ice Elementalist)       Turns: 109166, Time: 09:43:05

Health: -13/224    AC: 30    Str: 10    XL:     27
Magic:  20/43      EV: 20    Int: 29    God:    Sif Muna [*****.]
Gold:   1909       SH: 20    Dex: 18    Spells: 6/58 levels left

rFire    + . .     SeeInvis +   b - staff of conjuration
rCold    + . .     Gourm    .   R - +2 shield {AC+3}
rNeg     . . .     Faith    .   t - quicksilver dragon scales
rPois    .         Spirit   .   r - +2 helmet {SInv}
rElec    +         Reflect  +   q - +2 cloak {+Inv}
rCorr    .         Harm     .   Q - +2 pair of gloves
MR       ++++.                  A - +2 pair of boots of the Assassin {Detection Stab+ Stlth++}
Stlth    ++........             T - +5 amulet of reflection
HPRegen  0.47/turn              F - ring of protection from fire
MPRegen  0.28/turn              Z - ring of Beijaxku {rC+ MR+ Int+4 Dex+2}

@: divine energy, deflect missiles
A: mutation resistance 1, sense surroundings 1, electricity resistance
0: Orb of Zot
}: 3/15 runes: barnacled, silver, gossamer
a: Stop Divine Energy, Channel Magic, Forget Spell, Renounce Religion, Evoke
Invisibility


You were on level 12 of the Dungeon.
You worshipped Sif Muna.
Sif Muna was extremely pleased with you.
You were not hungry.

You visited 9 branches of the dungeon, and saw 49 of its levels.
You also visited: Volcano.

You collected 6173 gold pieces.
You spent 4264 gold pieces at shops.

Inventory:

Hand Weapons
 a - a +9 demon blade of freezing
 N - the +6 rapier "Eworuut" {elec, rF+ MR+}
   (You found it on level 4 of the Shoals)

   Occasionally, upon striking a foe, it will discharge some electrical energy
   and cause terrible harm.
   It protects you from fire.
   It affects your resistance to hostile enchantments.
Missiles
 d - 17 throwing nets (quivered)
Armour
 q - a +2 cloak of invisibility (worn)
 r - a +2 helmet of see invisible (worn)
 t - quicksilver dragon scales (worn)
 A - the +2 pair of boots of the Assassin (worn) {Detection Stab+ Stlth++}
   (You found it on level 3 of the Elven Halls)

   It makes you much more stealthy.
 Q - a +2 pair of gloves (worn)
 R - a +2 shield of protection (worn)
Magical Staves
 b - an uncursed staff of conjuration (weapon)
 w - an uncursed staff of energy
Jewellery
 m - the amulet of Axouh {Faith rC+ Int+5}
   (You acquired it on level 3 of the Vaults)

   [amulet of faith]

   It allows you to gain divine favour quickly.
   It affects your intelligence (+5).
   It protects you from cold.
 z - an uncursed ring of resist corrosion
 F - a ring of protection from fire (left hand)
 T - a +5 amulet of reflection (around neck)
 V - the ring of Esuableh {+Inv rPois Dex+4 Slay+2 Stlth-}
   (You took it off a deep elf death mage on level 5 of the Vaults)

   [ring of poison resistance]

   It affects your dexterity (+4).
   It affects your accuracy and damage with ranged weapons and melee attacks
   (+2).
   It protects you from poison.
   It lets you turn invisible.
   It makes you less stealthy.
 Z - the ring of Beijaxku (right hand) {rC+ MR+ Int+4 Dex+2}
   (You took it off a deep elf elementalist on level 3 of the Elven Halls)

   [ring of protection from magic]

   It affects your intelligence (+4).
   It affects your dexterity (+2).
   It protects you from cold.
   It affects your resistance to hostile enchantments.
Wands
 f - a wand of clouds (3)
 G - a wand of digging (37)
 H - a wand of acid (19)
 I - a wand of iceblast (26)
 W - a wand of paralysis (26)
Scrolls
 i - 13 scrolls of immolation
 p - 3 scrolls of identify
 v - 23 scrolls of remove curse
 C - a scroll of blinking
 D - a scroll of fog
 J - a scroll of fear
 M - 6 scrolls of teleportation
 P - a scroll of enchant weapon
 S - 3 scrolls of silence
Potions
 g - 12 potions of curing
 l - a potion of cancellation
 o - 6 potions of flight
 B - 2 potions of agility
 E - a potion of invisibility
 K - 4 potions of mutation
 O - 6 potions of might
 U - 3 potions of brilliance
 X - 3 potions of ambrosia
Miscellaneous
 n - a lamp of fire
 s - a phantom mirror
 x - 4 boxes of beasts
 y - a phial of floods
Comestibles
 e - 8 rations


   Skills:
 - Level 20.0 Fighting
 - Level 14.0 Long Blades
 - Level 11.1 Armour
 + Level 13.9 Dodging
 - Level 2.0 Stealth
 - Level 15.0 Shields
 + Level 16.3 Spellcasting
 - Level 17.0 Conjurations
   Level 4.0 Hexes
 - Level 13.0 Charms
 - Level 8.0 Summonings
 - Level 6.0 Necromancy
 - Level 6.0 Translocations
 - Level 17.0 Ice Magic
 - Level 6.0 Air Magic
 - Level 10.0 Invocations
 - Level 6.0 Evocations


You had 6 spell levels left.
You knew the following spells:

 Your Spells              Type           Power        Failure   Level  Hunger
a - Freeze                Ice            ####         0%          1    None
b - Throw Frost           Conj/Ice       ######       0%          2    None
c - Throw Icicle          Conj/Ice       ########     1%          4    None
d - Deflect Missiles      Chrm/Air       ######....   12%         6    ###....
e - Bolt of Cold          Conj/Ice       ########..   1%          6    ###....
f - Ozocubu's Refrigerat  Ice            #######...   1%          6    ###....
g - Freezing Cloud        Conj/Ice/Air   ########..   2%          6    ###....
h - Summon Butterflies    Summ           ######..     1%          1    None
q - Blink                 Tloc           N/A          1%          2    None
r - Regeneration          Chrm/Necr      ######....   1%          3    None
s - Summon Lightning Spi  Summ/Air       ######..     2%          4    None
v - Passage of Golubria   Tloc           N/A          3%          4    None
w - Orb of Destruction    Conj           ########..   3%          7    #####..

Your spell library contained the following spells:

 Spells                   Type           Power        Failure   Level  Hunger
 Magic Dart               Conj           ####         0%          1    None
 Searing Ray              Conj           ######       0%          2    None
 Confusing Touch          Hex            #####.       1%          1    None
 Corona                   Hex            #####..      1%          1    None
 Flame Tongue             Conj/Fire      #####        1%          1    None
 Infusion                 Chrm           ####         1%          1    None
 Pain                     Necr           ####         1%          1    None
 Shock                    Conj/Air       ####         1%          1    None
 Sting                    Conj/Pois      ####         1%          1    None
 Summon Small Mammal      Summ           ####         1%          1    None
 Call Imp                 Summ           ######..     1%          2    None
 Corpse Rot               Necr           N/A          1%          2    None
 Poisonous Vapours        Pois/Air       #####.       1%          2    None
 Shroud of Golubria       Chrm/Tloc      ######....   1%          2    None
 Slow                     Hex            #####...     1%          2    None
 Song of Slaying          Chrm           #######.     1%          2    None
 Sublimation of Blood     Necr           ######....   1%          2    None
 Swiftness                Chrm/Air       ######..     1%          2    None
 Throw Flame              Conj/Fire      ######       1%          2    None
 Call Canine Familiar     Summ           ######..     1%          3    None
 Conjure Flame            Conj/Fire      #######.     1%          3    None
 Dazzling Spray           Conj/Hex       ######       1%          3    None
 Gell's Gravitas          Tloc           ######....   1%          3    None
 Lesser Beckoning         Tloc           ######....   1%          3    None
 Mephitic Cloud           Conj/Pois/Air  #######.     1%          3    None
 Ozocubu's Armour         Chrm/Ice       #######.     1%          3    None
 Portal Projectile        Hex/Tloc       ######       1%          3    None
 Recall                   Summ/Tloc      N/A          1%          3    None
 Spectral Weapon          Hex/Chrm       ######..     1%          3    None
 Static Discharge         Conj/Air       #######.     1%          3    None
 Stone Arrow              Conj/Erth      ######       1%          3    None
 Summon Guardian Golem    Hex/Summ       ######..     1%          3    None
 Teleport Other           Tloc           ######..     1%          3    None
 Force Lance              Conj/Tloc      #######.     1%          4    None
 Fulminant Prism          Conj/Hex       #######...   1%          4    None
 Ice Form                 Ice/Tmut       ######..     1%          4    None
 Iskenderun's Mystic Bla  Conj           ########     1%          4    None
 Sticky Flame             Conj/Fire      #######.     1%          4    None
 Summon Ice Beast         Ice/Summ       #######.     1%          4    None
 Bolt of Draining         Conj/Necr      #######...   1%          5    None
 Iskenderun's Battlesphe  Conj/Chrm      ########     1%          5    None
 Lightning Bolt           Conj/Air       #######...   1%          5    None
 Metabolic Englaciation   Hex/Ice        ######....   1%          5    None
 Confuse                  Hex            #####...     2%          3    None
 Excruciating Wounds      Chrm/Necr      ######....   2%          5    None
 Airstrike                Air            ######....   3%          4    None
 Fireball                 Conj/Fire      #######...   3%          5    None
 Irradiate                Conj/Tmut      #######...   3%          5    None
 Venom Bolt               Conj/Pois      #######...   3%          5    None
 Beastly Appendage        Tmut           ###...       4%          1    None
 Sandblast                Erth           ###...       4%          1    None
 Aura of Abjuration       Summ           ######....   4%          5    None
 Summon Demon             Summ           ######....   4%          5    None
 Inner Flame              Hex/Fire       #####...     5%          3    None
 Conjure Ball Lightning   Conj/Air       #######...   5%          6    ###....
 Simulacrum               Ice/Necr       ######....   5%          6    ###....
 Passwall                 Tmut/Erth      ###.....     6%          2    None
 Sticks to Snakes         Tmut           ###.....     6%          2    None
 Summon Forest            Summ/Tloc      ######....   6%          5    None
 Cause Fear               Hex            #####.....   8%          4    None
 Agony                    Necr           ######..     10%         5    None
 Dispel Undead            Necr           ######..     10%         5    None
 Summon Mana Viper        Hex/Summ       ######..     10%         5    None
 Bolt of Magma            Conj/Fire/Erth ######....   11%         5    None
 Ignite Poison            Fire/Tmut/Pois ###.....     12%         3    None
 Spider Form              Tmut/Pois      ###.......   12%         3    None
 Silence                  Hex/Air        ######....   14%         5    None
 Leda's Liquefaction      Hex/Erth       #####.....   19%         4    None
 Bolt of Fire             Conj/Fire      #######...   19%         6    ###....
 Iron Shot                Conj/Erth      #######...   19%         6    ###....
 Poison Arrow             Conj/Pois      #######...   19%         6    ###....
 Shadow Creatures         Summ           N/A          22%         6    ###....
 Borgnjor's Vile Clutch   Necr/Erth      #####.....   32%         5    None
 Olgreb's Toxic Radiance  Pois           ###.....     38%         4    None
 Petrify                  Tmut/Erth      ###.....     38%         4    None
 Yara's Violent Unravell  Hex/Tmut       #####.....   45%         5    None
 Death Channel            Necr           ######....   45%         6    ###....
 Alistair's Intoxication  Tmut/Pois      ###.....     75%         5    None
 Blade Hands              Tmut           ###.......   75%         5    None
 Lee's Rapid Deconstruct  Erth           ###.......   75%         5    None
 Hydra Form               Tmut           ###.......   99%         6    ###....
 Statue Form              Tmut/Erth      ###......    99%         6    ###....
 Spellforged Servitor     Conj/Summ      #######...   21%         7    #####..
 Summon Hydra             Summ           ######....   77%         7    #####..
 Ring of Flames           Chrm/Fire      ######....   93%         7    #####..
 Chain Lightning          Conj/Air       #######...   93%         8    ######.
 Glaciate                 Conj/Ice       ########..   98%         9    #######
 Death's Door             Chrm/Necr      ######....   99%         8    ######.
 Dragon Form              Tmut           ###.......   100%        7    #####..
 Borgnjor's Revivificati  Necr           ######....   100%        8    ######.
 Discord                  Hex            #####.....   100%        8    ######.
 Ignition                 Fire           ###.......   100%        8    ######.
 Lehudib's Crystal Spear  Conj/Erth      #######...   100%        8    ######.
 Dragon's Call            Summ           ######....   100%        9    #######
 Fire Storm               Conj/Fire      #######...   100%        9    #######
 Tornado                  Air            ######....   100%        9    #######


Dungeon Overview and Level Annotations

Branches:
Dungeon (15/15)            Temple (0/1) D:6            Lair (6/6) D:9
 Shoals (4/4) Lair:3       Spider (4/4) Lair:2        Slime (0/5) Lair:5
    Orc (2/2) D:12            Elf (3/3) Orc:2        Vaults (5/5) D:13
  Crypt (0/3) Vaults:3     Depths (5/5) D:15            Zot (5/5) Depths:5

Altars:
Ashenzari
Dithmenos
Elyvilon
Gozag
Okawaru
Qazlal
Sif Muna
Trog
Vehumet
Xom
Yredelemnul
Zin
The Shining One
Beogh
Jiyva

Shops:
D:15 }[   Orc:2 (:((   Elf:2 [   Shoals:2 :   Vaults:2 (   Vaults:3 ?
Vaults:4 *

Portals:
Hell: Depths:1 Depths:2 Depths:3 Depths:4 Depths:5
Abyss: Depths:4 Depths:5
Pandemonium: Depths:3
Ziggurat: Depths:1
Trove: Elf:3 (give +8 demon blade)

Annotations:
D:3 1 runed door, feta's ghost, amateur MfGl
D:5 4 runed doors, 2 transporters, derval's ghost, novice MfIE
D:10 1 runed door, Tinylith's ghost, journeyman MiFi
Shoals:3 1 exclusion
Spider:4 3 runed doors, Yermak's ghost, journeyman TrCj
Elf:2 3 runed doors, exclusion: 3 doors
Vaults:1 exclusion: downstairs
Vaults:3 exclusion: downstairs
Vaults:4 8 runed doors, Cunoethenee's ghost, adept DsNe
Depths:2 2 transporters
Zot:4 exclusion: downstairs


Innate Abilities, Weirdness & Mutations

You are somewhat resistant to further mutation.
You passively map a small area around you.
You are resistant to electric shocks. (rElec)


Message History

Lirgh is severely wounded.
Okay, then.
Your blink will be uncontrolled - continue anyway?
The Orb prevents control of your translocation!
You blink.
As you read the scroll of blinking, it crumbles to dust.
The Brimstone Fiend calls on the powers of darkness!
Your body is wracked with pain!
* * * LOW HITPOINT WARNING * * *
Okay, then.
Press: ? - help, v - describe, . - travel
Here: Lirgh, armed with a painful touch (severely wounded)
The floor.
Okay, then.
As you read the scroll of fog, it crumbles to dust.
The scroll dissolves into smoke.
The Tzitzimitl gestures at you. The bolt of cold misses you.
You block Lirgh's attack. Lirgh hits you!!
You die...

#.......###...###.......
#.......# #...###.......
#.......# #.............
#.....#.# #.............
####....# #.:...........
#....###...##........
#.§§§#.....##........
#.§§§#......'........
#.§§@########....##..
##.§§&§......#....##..
#..§§§§§§###'#....##..
#..§..§§..........####
###.....§1.....§.§§§§§..
#.....§.........####§§..
#..........3..§§§§##§§§§
#........1....§§§§##..§§
#.............§§§§§.....


You could see Lirgh.

Vanquished Creatures
  8 orbs of fire
  A juggernaut (Depths:4)
  3 ancient liches (Zot:5)
  Saint Roka (Vaults:1)
  7 golden dragons
  A caustic shrike (Depths:4)
  3 Killer Klowns
  3 curse toes
  Jory (Depths:3)
  3 electric golems
  21 tentacled monstrosities
  6 liches
  25 Orb Guardians
  A deep elf blademaster (Elf:3)
  3 quicksilver dragons
  8 titans
  An Executioner (Zot:4)
  2 deep elf master archers (Elf:3)
  8 death cobs
  2 sphinxes (Vaults:5)
  A kraken (Shoals:4)
  8 shadow dragons
  13 storm dragons
  5 draconian monks
  7 tengu reavers
  Donald (Elf:2)
  Roxanne (D:15)
  A revenant (Vaults:3)
  6 fire giants
  An iron dragon (Vaults:5)
  9 frost giants
  6 draconian knights
  8 deep elf sorcerers
  10 ghost moths
  Louise (Shoals:2)
  A deep elf elementalist (Elf:3)
  6 vault wardens
  An orc warlord (Orc:2)
  3 emperor scorpions
  4 draconian scorchers
  5 draconian shifters
  9 ironheart preservers
  11 very ugly things
  2 draconian stormcallers (Zot:3)
  A war gargoyle (Vaults:5)
  6 draconian annihilators
  8 stone giants
  A vampire knight (Depths:4)
  2 entropy weavers
  10 green draconians
  7 black draconians
  7 deep elf demonologists
  6 deep elf annihilators
  9 purple draconians
  6 red draconians
  The ghost of Azzok the Covert, a journeyman GnEn of Zin (Lair:3)
  8 yellow draconians
  A minotaur (shapeshifter) (Vaults:5)
  8 white draconians
  8 ettins
  A dire elephant (Lair:5)
  9 spark wasps
  2 merfolk javelineers
  A crystal guardian (Vaults:4)
  8 deep elf death magi
  4 deep elf high priests
  6 merfolk impalers
  9 fire dragons
  A great orb of eyes (Depths:4)
  7 yaktaur captains
  10 ice dragons
  7 rakshasas
  33 vault guards
  A hell beast (Elf:1)
  A monstrous demonspawn (Depths:3)
  7 hydras (Elf:1)
  2 merfolk avatars
  2 alligator snapping turtles (Shoals:4)
  Erica (D:9)
  2 catoblepae (Lair:5)
  2 spriggan air magi
  3 satyrs
  5 centaur warriors
  12 dancing weapons
  A death knight (Vaults:2)
  An alligator (shapeshifter) (Vaults:5)
  2 deep troll shamans
  4 merfolk aquamancers
  20 ogre magi
  47 two-headed ogres
  4 tengu warriors
  3 deep troll earth magi (Depths:2)
  A vampire mage (Depths:1)
  4 orc high priests
  4 spriggan berserkers
  14 deep elf knights
  A titan skeleton (Depths:4)
  9 hell knights
  A skeletal warrior (Vaults:3)
  A shadow wraith (Vaults:1)
  4 glowing orange brains
  6 sea snakes
  A golden dragon zombie (Depths:1)
  2 unseen horrors
  4 flayed ghosts
  2 spark wasp zombies
  A storm dragon skeleton (Depths:4)
  6 wizards
  2 harpies (shapeshifter)
  8 deep trolls
  15 ironbrand convokers
  A lindwurm (Lair:5)
  4 phantasmal warriors (Vaults:5)
  12 deep elf archers
  5 necromancers
  25 harpies
  5 fauns (Shoals:1)
  A mana viper (shapeshifter) (Depths:4)
  12 orb spiders
  19 wolf spiders
  18 orc knights
  21 ugly things
  20 manticores
  46 deep elf magi
  A wolf spider zombie (D:15)
  2 orc sorcerers
  A manticore (shapeshifter) (Vaults:5)
  A shining eye (shapeshifter) (Vaults:4)
  5 cyclopes
  2 salamanders
  2 salamanders (shapeshifter)
  3 centaur zombies
  6 water nymphs
  12 vault sentinels
  11 merfolk sirens
  2 black mambas (shapeshifter)
  8 elephants
  A torpor snail (Lair:2)
  2 naga magi (D:15)
  24 moths of wrath
  2 black mambas (Lair:1)
  An elephant (shapeshifter) (Depths:1)
  A gargoyle (D:13)
  5 spiny frogs
  7 komodo dragons
  29 yaktaurs
  4 kobold demonologists
  2 rime drakes (Lair:5)
  A hellwing (Depths:3)
  2 yaktaurs (shapeshifter)
  6 freezing wraiths
  12 demonic crawlers
  13 jumping spiders
  36 merfolk
  2 red devils
  2 tengu conjurers
  8 trolls
  A hornet (shapeshifter) (Vaults:5)
  3 meliai (D:13)
  6 wind drakes
  A meliai (shapeshifter) (Vaults:2)
  12 hornets
  Grinder (D:4)
  28 slime creatures
  5 snapping turtles
  4 dream sheep
  A dream sheep (shapeshifter) (Vaults:5)
  2 blink frogs (Lair:5)
  6 hippogriffs
  2 vampires
  42 redbacks
  3 centaur simulacra
  4 air elementals
  9 water elementals
  A wyvern (Elf:1)
  24 tarantellas
  A spriggan skeleton (Depths:1)
  A redback (shapeshifter) (Vaults:5)
  A shadow (D:11)
  3 wraiths
  3 fire bats (Lair:2)
  14 yaks
  A tarantella (shapeshifter) (Vaults:5)
  2 fire elementals (Elf:3)
  A golden eye (shapeshifter) (Depths:3)
  2 basilisks
  A hungry ghost (D:12)
  2 vampire mosquitoes (D:13)
  2 chaos spawn (Depths:3)
  Menkaure (D:5)
  A human zombie (Depths:1)
  7 hell hounds
  3 porcupines
  2 acid dragons
  A floating eye (Depths:4)
  2 floating eyes (shapeshifter)
  A water moccasin (Lair:5)
  A swamp drake (Lair:5)
  46 orc warriors
  3 ice beasts
  3 black bears
  2 eyes of draining
  4 sky beasts
  A wolf (Lair:4)
  27 centaurs
  46 ogres
  8 boggarts
  9 crocodiles
  5 big kobolds
  12 bullfrogs
  A glowing shapeshifter simulacrum (Vaults:2)
  3 earth elementals
  A water moccasin zombie (D:6)
  A scorpion (D:8)
  2 wights
  7 killer bees
  3 howler monkeys
  4 electric eels
  11 crimson imps
  A jelly (D:12)
  6 hounds
  2 quasits (Depths:3)
  4 centaur skeletons
  2 iron imps (Depths:3)
  23 orc priests
  10 iguanas
  Ijyb (D:4)
  11 orc wizards
  9 worker ants
  9 adders
  A howler monkey skeleton (D:10)
  4 shadow imps
  A white imp (Depths:3)
  An ufetubus (Depths:3)
  3 oozes
  A worm (D:3)
  4 dart slugs
  8 leopard geckos
  69 orcs
  3 ball pythons
  7 giant cockroaches
  9 goblins
  5 hobgoblins
  14 jackals
  15 kobolds
  6 quokkas
  5 bats
  3 frilled lizards
  12 rats
  A fire vortex (Lair:2)
  3 plants (Lair:6)
1686 creatures vanquished.

Vanquished Creatures (collateral kills)
  Nikola (Spider:4)
  A lich (Vaults:3)
  An Orb Guardian (Zot:5)
  A quicksilver dragon (Zot:4)
  Gastronok (Lair:2)
  A draconian monk (Zot:2)
  A tengu reaver (Depths:4)
  A deep elf sorcerer (Elf:3)
  A frost giant (Vaults:3)
  A vault warden (Vaults:2)
  A ghost moth (Spider:4)
  2 deep elf elementalists (Elf:3)
  2 emperor scorpions
  A stone giant (Depths:5)
  The ghost of Tinylith the Severer, a journeyman MiFi of Elyvilon (Lair:3)
  A white draconian (Zot:2)
  2 purple draconians
  2 dire elephants (Lair:6)
  A spark wasp (Spider:4)
  4 yellow draconians
  2 merfolk javelineers (Shoals:4)
  2 deep elf death magi (Elf:3)
  A fire dragon (Vaults:2)
  A yaktaur captain (Vaults:1)
  3 merfolk impalers
  A deep elf high priest (Elf:3)
  Josephine (D:15)
  2 vault guards
  2 hydras (Lair:2)
  2 ice dragons
  A catoblepas (Lair:6)
  An anaconda (Lair:6)
  A centaur warrior (Vaults:1)
  2 ogre magi
  12 two-headed ogres
  A merfolk aquamancer (Shoals:4)
  A death yak (Lair:2)
  A deep troll earth mage (Depths:2)
  A tengu warrior (Depths:1)
  2 orc high priests (Orc:2)
  Nergalle (Lair:2)
  A hell knight (Volcano)
  A storm dragon zombie (Depths:4)
  A deep troll (Depths:2)
  3 sea snakes
  An ironbrand convoker (Vaults:1)
  A shadow dragon zombie (Depths:4)
  2 wizards
  A flayed ghost (Vaults:1)
  4 harpies
  4 orb spiders
  2 orc knights
  7 wolf spiders
  2 deep elf magi
  3 fauns (Shoals:1)
  4 cyclopes
  A manticore (Shoals:4)
  An ugly thing (Vaults:3)
  8 elephants
  Joseph (D:7)
  3 vault sentinels (Vaults:1)
  2 black mambas
  3 spiny frogs
  A gargoyle (D:6)
  A rime drake (Lair:5)
  A centaur skeleton (D:13)
  A yaktaur (shapeshifter) (Depths:5)
  3 yaktaurs
  3 komodo dragons
  A tormentor (Depths:3)
  2 demonic crawlers
  2 trolls
  2 tengu conjurers
  2 freezing wraiths
  11 jumping spiders
  7 merfolk
  3 hornets
  2 blink frogs (Lair:5)
  A dream sheep (Shoals:4)
  2 snapping turtles
  2 hippogriffs
  21 redbacks
  18 yaks
  A shadow (D:13)
  11 tarantellas
  4 wraiths
  2 hungry ghosts
  A steam dragon (Lair:5)
  2 wargs
  A hell hound (Lair:6)
  3 water moccasins
  20 orc warriors
  An ice beast (shapeshifter) (D:13)
  2 ice beasts (D:7)
  3 black bears (D:6)
  A phantom (D:6)
  6 ogres
  3 wolves (Lair:4)
  8 centaurs
  3 killer bees (D:13)
  A scorpion (D:6)
  4 wights
  2 centaur zombies
  A bullfrog zombie (D:10)
  A quasit (D:8)
  15 orc priests
  An iguana (Lair:2)
  3 orc wizards
  2 hound zombies
  A howler monkey zombie (D:7)
  An adder (D:12)
  2 shadow imps (D:13)
  An adder skeleton (D:6)
  41 orcs
  4 kobolds (D:11)
  2 fungi
364 creatures vanquished.

Vanquished Creatures (others)
  A curse toe (Zot:2)
  A tentacled monstrosity (Zot:2)
  3 draconian monks (Zot:2)
  2 draconian knights
  2 draconian scorchers (Zot:2)
  A deep elf elementalist (Elf:3)
  3 stone giants
  2 white draconians (Zot:2)
  3 red draconians (Zot:2)
  A yellow draconian (Zot:2)
  A merfolk javelineer (Shoals:2)
  A yaktaur captain (Vaults:2)
  2 deep elf archers
  A cyclops (D:14)
  A manticore (Lair:5)
  2 moths of wrath (Zot:2)
  10 yaktaurs
  2 merfolk
  A centaur (D:15)
  2 scorpions (D:4)
  An orc priest (Orc:2)
  An iguana (D:4)
  A gnoll (D:4)
  An adder (D:4)
  4 orcs
  A giant cockroach (D:4)
  A kobold (D:11)
  8 fungi
  12 plants
  12 tentacles (Shoals:4)
  6 withered plants (Lair:3)
90 creatures vanquished.

Grand Total: 2140 creatures vanquished

Notes
Turn   | Place    | Note
-------+----------+-------------------------------------------
     0 | D:1      | Mulqof the Human Ice Elementalist began the quest for the
                  | Orb.
     0 | D:1      | Reached XP level 1. HP: 13/13 MP: 3/3
   202 | D:1      | Reached XP level 2. HP: 19/19 MP: 1/5
   249 | D:1      | Learned a level 2 spell: Throw Frost
   788 | D:1      | Reached XP level 3. HP: 24/24 MP: 6/6
  1302 | D:2      | Learned a level 3 spell: Ozocubu's Armour
  1318 | D:2      | Found an iron altar of Okawaru.
  1497 | D:2      | Reached XP level 4. HP: 30/30 MP: 3/7
  1910 | D:2      | Found a glowing silver altar of Zin.
  2390 | D:3      | Found a runed door.
  2391 | D:3      | Noticed feta's ghost (amateur MfGl)
  3016 | D:3      | Found a shattered altar of Ashenzari.
  3646 | D:4      | Noticed Ijyb
  3655 | D:4      | Killed Ijyb
  3655 | D:4      | Reached XP level 5. HP: 35/35 MP: 1/8
  3765 | D:4      | Noticed Grinder
  3772 | D:4      | Killed Grinder
  3772 | D:4      | Reached skill level 5 in Ice Magic
  3772 | D:4      | Reached XP level 6. HP: 41/41 MP: 9/9
  4310 | D:4      | Found a shimmering altar of Xom.
  4369 | D:4      | Paralysed by an orc for 5 turns
  4462 | D:4      | Reached XP level 7. HP: 44/46 MP: 1/10
  4655 | D:5      | Entered Level 5 of the Dungeon
  4941 | D:5      | Got a pair of spiked boots
  4963 | D:5      | Identified the +0 pair of boots of Repulsion {Regen+ Str-2
                  | Slay+2} (You found it on level 5 of the Dungeon)
  5058 | D:5      | Found a runed door.
  5278 | D:5      | Found a runed gate.
  5278 | D:5      | Found a runed gate.
  5278 | D:5      | Found a runed gate.
  5280 | D:5      | Noticed derval's ghost (novice MfIE)
  5342 | D:5      | Noticed Menkaure
  5348 | D:5      | Killed Menkaure
  5348 | D:5      | Reached XP level 8. HP: 49/52 MP: 11/13
  5725 | D:5      | Learned a level 4 spell: Throw Icicle
  5730 | D:5      | Learned a level 4 spell: Summon Ice Beast
  5738 | D:5      | Found a transporter.
  5854 | D:5      | Reached skill level 5 in Conjurations
  5854 | D:5      | Reached skill level 1 in Summonings
  5951 | D:5      | Found a transporter.
  6648 | D:6      | Found a deep blue altar of Sif Muna.
  6656 | D:6      | Became a worshipper of Sif Muna the Loreminder
  6851 | D:6      | Found a stormy altar of Qazlal.
  6861 | D:6      | Found a shadowy altar of Dithmenos.
  7103 | D:6      | Reached skill level 1 in Fighting
  7103 | D:6      | Reached XP level 9. HP: 59/59 MP: 5/15
  7112 | D:6      | Found a bloodstained altar of Trog.
  7269 | D:6      | Reached skill level 2 in Fighting
  7345 | D:6      | Found a staircase to the Ecumenical Temple.
  7356 | D:6      | Found an opulent altar of Gozag.
  7390 | D:6      | Reached skill level 5 in Summonings
  7428 | D:6      | Noticed a gargoyle
  7445 | D:6      | Killed a gargoyle
  7445 | D:6      | Reached skill level 3 in Fighting
  8082 | D:6      | Reached * piety under Sif Muna
  8636 | D:7      | Reached skill level 1 in Evocations
  8680 | D:7      | Reached skill level 4 in Fighting
  8680 | D:7      | Reached skill level 1 in Shields
  8967 | D:7      | Noticed Joseph
  8990 | D:7      | Killed Joseph
  9330 | D:7      | Reached XP level 10. HP: 56/71 MP: 4/16
 10484 | D:8      | Learned a level 3 spell: Confuse
 10541 | D:8      | Found a white marble altar of Elyvilon.
 10542 | D:8      | Found a radiant altar of Vehumet.
 10779 | D:9      | Found a staircase to the Lair.
 10814 | D:9      | Reached ** piety under Sif Muna
 10832 | D:9      | Reached skill level 1 in Hexes
 10953 | D:9      | Noticed Erica
 11217 | D:9      | Noticed a two-headed ogre
 11234 | D:9      | Killed a two-headed ogre
 11336 | D:9      | Got a fine chain mail
 11763 | D:9      | Found a glowing golden altar of the Shining One.
 11914 | D:10     | Entered Level 10 of the Dungeon
 12185 | D:10     | Reached skill level 5 in Spellcasting
 12626 | D:10     | Got a scorched short sword
 12758 | D:10     | Noticed Tinylith's ghost (journeyman MiFi)
 12759 | D:10     | Found a runed door.
 12761 | D:10     | Noticed a spriggan rider
 13066 | D:10     | Reached *** piety under Sif Muna
 13066 | D:10     | Reached XP level 11. HP: 74/77 MP: 0/19
 13208 | D:10     | Learned a level 4 spell: Summon Lightning Spire
 13498 | D:10     | Reached skill level 1 in Air Magic
 13796 | D:10     | Identified the +1 short sword of the Kidney {freeze, rC+
                  | Dex+5} (You found it on level 10 of the Dungeon)
 13797 | D:10     | Identified the +0 chain mail of Elitism {rC+} (You found it
                  | on level 9 of the Dungeon)
 13991 | D:9      | Upgraded the game from 0.23-a0-345-g28c3e8efcb to
                  | 0.23-a0-352-geaabbf348b
 13992 | Lair:1   | Entered Level 1 of the Lair of Beasts
 14087 | Lair:1   | Reached skill level 1 in Invocations
 15252 | Lair:2   | Noticed Nergalle
 15275 | Lair:2   | Noticed a spectral orc warlord
 15468 | Lair:2   | Found a hole to the Spider Nest.
 15515 | Lair:2   | Reached skill level 5 in Fighting
 15707 | Lair:2   | Killed Nergalle
 15707 | Lair:2   | Reached skill level 5 in Invocations
 16095 | Lair:2   | Reached skill level 6 in Fighting
 16233 | Lair:2   | Reached XP level 12. HP: 89/89 MP: 16/21
 16407 | Lair:2   | Noticed a four-headed hydra
 16432 | Lair:2   | Killed a four-headed hydra
 16432 | Lair:2   | Reached skill level 7 in Fighting
 16563 | Lair:2   | Noticed Gastronok
 16571 | Lair:2   | Noticed a death yak
 16571 | Lair:2   | Noticed an eight-headed hydra
 16610 | Lair:2   | Killed an eight-headed hydra
 16843 | Lair:2   | Killed Gastronok
 16843 | Lair:2   | Reached skill level 8 in Fighting
 17025 | Lair:2   | Reached skill level 9 in Fighting
 17464 | Lair:3   | Found a runed gate.
 17464 | Lair:3   | Found a runed gate.
 17468 | Lair:3   | Found a runed gate.
 17494 | Lair:3   | Noticed Tinylith's ghost (journeyman MiFi)
 17495 | Lair:3   | Noticed Azzok's ghost (journeyman GnEn)
 17615 | Lair:3   | Got a steaming helmet
 17631 | Lair:3   | Identified the +1 helmet of Tuxik {Str+2} (You found it on
                  | level 3 of the Lair of Beasts)
 17991 | Lair:3   | Found a staircase to the Shoals.
 18721 | Lair:4   | Reached **** piety under Sif Muna
 19513 | Lair:5   | Noticed a catoblepas
 19513 | Lair:5   | Noticed a catoblepas
 20204 | Lair:5   | Killed a catoblepas
 20204 | Lair:5   | Reached XP level 13. HP: 74/103 MP: 2/23
 20389 | Lair:5   | Killed a catoblepas
 20389 | Lair:5   | Reached skill level 10 in Fighting
 20782 | Lair:5   | Reached ***** piety under Sif Muna
 20782 | Lair:5   | Received a gift from Sif Muna
 21442 | Lair:5   | Found a viscous altar of Jiyva.
 21443 | Lair:5   | Found a staircase to the Slime Pits.
 21589 | Lair:6   | Entered Level 6 of the Lair of Beasts
 21590 | Lair:6   | Noticed a catoblepas
 21609 | Lair:6   | Killed a catoblepas
 21694 | Lair:6   | Found a dark tunnel.
 21726 | Volcano  | Entered a volcano
 22103 | Volcano  | Reached skill level 10 in Conjurations
 22103 | Volcano  | Reached skill level 10 in Ice Magic
 23626 | Lair:6   | Reached skill level 1 in Armour
 23755 | Lair:6   | Noticed an anaconda
 23765 | Lair:6   | Killed an anaconda
 23805 | Lair:6   | Noticed a dire elephant
 23805 | Lair:6   | Noticed a dire elephant
 23844 | Lair:6   | Noticed a dire elephant
 24007 | Lair:6   | Killed a dire elephant
 24007 | Lair:6   | Reached skill level 1 in Long Blades
 24007 | Lair:6   | Reached XP level 14. HP: 101/110 MP: 16/27
 24089 | Lair:5   | Killed a dire elephant
 24233 | Lair:6   | Noticed a dire elephant
 24251 | Lair:6   | Killed a dire elephant
 24291 | Lair:6   | Noticed a dire elephant
 25129 | D:11     | Reached skill level 5 in Dodging
 26028 | D:12     | Found a basalt altar of Yredelemnul.
 26087 | D:12     | Learned a level 6 spell: Freezing Cloud
 26458 | D:12     | Found a roughly hewn altar of Beogh.
 26460 | D:12     | Found a staircase to the Orcish Mines.
 26818 | Orc:1    | Entered Level 1 of the Orcish Mines
 26868 | D:12     | Reached skill level 10 in Spellcasting
 27828 | Orc:2    | Entered Level 2 of the Orcish Mines
 27828 | Orc:2    | Found a staircase to the Elven Halls.
 27867 | Orc:2    | Found a roughly hewn altar of Beogh.
 27945 | Orc:2    | Noticed an orc warlord
 28033 | Orc:2    | Killed an orc warlord
 29267 | Orc:2    | Identified Sif Muna's Incunabulum of Confrontation (Sif
                  | Muna gifted it to you on level 2 of the Orcish Mines)
 29267 | Orc:2    | Received a gift from Sif Muna
 30280 | Orc:2    | Reached skill level 5 in Long Blades
 30752 | Orc:2    | Found Qouloyclipewk's Book Shoppe.
 30752 | Orc:2    | Found Vebul's Weapon Shoppe.
 30753 | Orc:2    | Found Oxoiclig's Antique Weapon Shoppe.
 30753 | Orc:2    | Found Ofoe's Weapon Emporium.
 30768 | Orc:2    | Bought a manual of Long Blades for 1766 gold pieces
 31454 | D:13     | Reached XP level 15. HP: 115/115 MP: 0/29
 33014 | D:13     | Found a gate to the Vaults.
 33444 | D:13     | Found a radiant altar of Vehumet.
 33972 | D:14     | Reached skill level 10 in Long Blades
 34029 | D:14     | Received a gift from Sif Muna
 34112 | D:14     | Learned a level 7 spell: Orb of Destruction
 34596 | D:15     | Entered Level 15 of the Dungeon
 34634 | D:15     | Noticed Josephine
 34698 | D:15     | Identified Roxanne's Disquisition on the Mountains
 34698 | D:15     | Noticed Roxanne
 34827 | D:15     | Killed Roxanne
 35126 | D:15     | Found a staircase to the Depths.
 35619 | D:15     | Killed Josephine
 35863 | D:15     | Found Tiesa's Gadget Shoppe.
 35954 | D:15     | Found Vaocw's Armour Boutique.
 36498 | Spider:1 | Entered Level 1 of the Spider Nest
 36727 | Spider:1 | Reached XP level 16. HP: 122/122 MP: 30/30
 39175 | Spider:2 | Received a gift from Sif Muna
 39192 | Spider:2 | Learned a level 1 spell: Summon Butterflies
 41980 | Spider:4 | Entered Level 4 of the Spider Nest
 42124 | Spider:4 | Identified the +4 plate armour "Kuot" {Int+3} (You found it
                  | on level 4 of the Spider Nest)
 42194 | Spider:4 | Reached XP level 17. HP: 110/128 MP: 23/31
 42598 | Spider:4 | Noticed Nikola
 42625 | Spider:4 | Killed Nikola
 42938 | Spider:4 | Found a runed gate.
 42938 | Spider:4 | Found a runed gate.
 42940 | Spider:4 | Found a runed gate.
 42954 | Spider:4 | Noticed Yermak's ghost (journeyman TrCj)
 43081 | Spider:4 | Identified a scroll of acquirement
 43110 | Spider:4 | Reached skill level 5 in Armour
 43178 | Spider:4 | HP: 2/128 [spark wasp (13)]
 43771 | Spider:4 | Reached skill level 5 in Shields
 44288 | Shoals:1 | Entered Level 1 of the Shoals
 44857 | Shoals:1 | Identified Bysacej's Tome of Attacks (Sif Muna gifted it to
                  | you on level 1 of the Shoals)
 44857 | Shoals:1 | Received a gift from Sif Muna
 44889 | Shoals:1 | HP: 6/128 [merfolk/+0 glaive (18)]
 45347 | Shoals:1 | Identified the +6 arbalest "Nyh Ikal" {velocity, Dex+3}
 47197 | Shoals:2 | Noticed Louise
 47219 | Shoals:2 | Killed Louise
 47219 | Shoals:2 | Reached skill level 10 in Dodging
 47647 | Shoals:2 | Found Buext's Book Shoppe.
 47655 | Shoals:2 | Bought a book of Minor Magic for 320 gold pieces
 47658 | Shoals:2 | Learned a level 2 spell: Blink
 47776 | Shoals:2 | Reached XP level 18. HP: 74/134 MP: 13/33
 48793 | Shoals:3 | Noticed a kraken
 49628 | Shoals:4 | Entered Level 4 of the Shoals
 51367 | Shoals:4 | Noticed a kraken
 51500 | Shoals:4 | Killed a kraken
 52153 | Shoals:4 | Reached skill level 10 in Shields
 52540 | Shoals:4 | Got a barnacled rune of Zot
 52805 | Shoals:4 | Identified the +6 rapier "Eworuut" {elec, rF+ MR+} (You
                  | found it on level 4 of the Shoals)
 53592 | Spider:3 | Upgraded the game from 0.23-a0-352-geaabbf348b to
                  | 0.23-a0-356-g1757c6e039
 53598 | Spider:3 | Learned a level 4 spell: Sticky Flame
 53756 | Spider:4 | Identified Sif Muna's Collected Works on Lethal Flight (Sif
                  | Muna gifted it to you on level 4 of the Spider Nest)
 53756 | Spider:4 | Received a gift from Sif Muna
 54783 | Spider:4 | Found a runed gate.
 54783 | Spider:4 | Found a runed gate.
 54785 | Spider:4 | Found a runed gate.
 55381 | Spider:4 | Got a gossamer rune of Zot
 55765 | Vaults:1 | Entered Level 1 of the Vaults
 56106 | Vaults:1 | Reached XP level 19. HP: 112/140 MP: 9/35
 57623 | Vaults:1 | Noticed Saint Roka
 57654 | Vaults:1 | Killed Saint Roka
 58043 | Vaults:1 | Identified the +6 scale mail of the World {rCorr} (You
                  | found it on level 1 of the Vaults)
 58439 | Vaults:1 | Identified the Guide on Harmful Transformation
 58744 | Vaults:2 | Found Ohilufeb's Antique Weapon Shoppe.
 60196 | Vaults:2 | Identified the +5 rapier "Byalul" {freeze, rElec rC- rN++
                  | Int-4}
 60513 | Vaults:2 | Reached XP level 20. HP: 130/147 MP: 29/36
 61093 | Vaults:2 | Identified Ushebank's Papyrus of Transmigration and the
                  | Snowflakes (Sif Muna gifted it to you on level 2 of the
                  | Vaults)
 61093 | Vaults:2 | Received a gift from Sif Muna
 61836 | Vaults:2 | Reached skill level 15 in Conjurations
 62592 | Vaults:3 | Found Waoket's Magic Scroll Shoppe.
 62613 | Vaults:3 | Bought a scroll of acquirement for 988 gold pieces
 62618 | Vaults:3 | Got a scorched graven amulet
 62619 | Vaults:3 | Identified the amulet of Axouh {Faith rC+ Int+5} (You
                  | acquired it on level 3 of the Vaults)
 62999 | Vaults:3 | Reached skill level 15 in Shields
 63236 | Vaults:3 | Found a portal to a secret trove of treasure.
 64492 | Vaults:3 | Reached skill level 5 in Evocations
 64654 | Vaults:3 | Found a staircase to the Crypt.
 64774 | Vaults:4 | Noticed a lich
 64790 | Vaults:3 | Killed a lich
 65404 | Vaults:4 | Found a large runed door.
 65404 | Vaults:4 | Found a large runed door.
 65404 | Vaults:4 | Found a large runed door.
 65404 | Vaults:4 | Found a large runed door.
 65404 | Vaults:4 | Found a large runed door.
 65404 | Vaults:4 | Found a large runed door.
 65404 | Vaults:4 | Noticed Cunoethenee's ghost (adept DsNe)
 65406 | Vaults:4 | Found a large runed door.
 65407 | Vaults:4 | Found a large runed door.
 65908 | Vaults:4 | Noticed a lich
 66052 | Vaults:4 | Killed a lich
 66166 | Vaults:4 | Reached XP level 21. HP: 123/153 MP: 3/38
 66314 | Vaults:4 | Found Buherphawn's Assorted Antiques.
 66761 | Vaults:4 | Learned a level 6 spell: Ozocubu's Refrigeration
 67446 | D:15     | Bought a wand of iceblast (7) for 121 gold pieces
 67537 | Depths:1 | Entered Level 1 of the Depths
 67579 | Depths:1 | Identified Xoycugaq's Compendium of Attacks (Sif Muna
                  | gifted it to you on level 1 of the Depths)
 67579 | Depths:1 | Received a gift from Sif Muna
 67964 | Depths:1 | Found a gateway to a ziggurat.
 68152 | Depths:1 | Found a gateway to Hell.
 69668 | Depths:2 | Found a transporter.
 70124 | Depths:2 | Reached skill level 11 in Fighting
 70534 | Depths:2 | Found a transporter.
 71383 | Depths:3 | Noticed Jory
 71400 | Depths:3 | Killed Jory
 72714 | Depths:3 | Reached XP level 22. HP: 164/164 MP: 33/40
 73273 | Depths:3 | Found a one-way gate leading to the halls of Pandemonium.
 74146 | Depths:4 | Reached skill level 12 in Fighting
 74248 | Depths:4 | Learned a level 4 spell: Passage of Golubria
 74357 | Depths:4 | Reached skill level 1 in Translocations
 75203 | Elf:1    | Entered Level 1 of the Elven Halls
 75550 | Elf:1    | Identified the Guide on Companions
 75761 | Elf:1    | Reached skill level 10 in Armour
 75839 | Elf:1    | Identified Sif Muna's Volume of Enthralling Conjuration
                  | (Sif Muna gifted it to you on level 1 of the Elven Halls)
 75839 | Elf:1    | Received a gift from Sif Muna
 76150 | Elf:1    | Reached skill level 5 in Translocations
 76375 | Elf:1    | Found a deep blue altar of Sif Muna.
 76788 | Elf:2    | Found Huky's Antique Armour Shop.
 76843 | Elf:2    | Bought a shiny shield for 232 gold pieces
 76843 | Elf:2    | Bought a smelly ring mail for 279 gold pieces
 76843 | Elf:2    | Identified the +3 ring mail of Gozag's Reproof {Int+7} (You
                  | bought it in a shop on level 2 of the Elven Halls)
 76885 | Elf:2    | Bought a steaming scale mail for 279 gold pieces
 76885 | Elf:2    | Bought a steaming scale mail for 279 gold pieces
 76885 | Elf:2    | Identified the cursed +1 scale mail of the Devil {+Inv}
                  | (You bought it in a shop on level 2 of the Elven Halls)
 76886 | Elf:2    | Identified the cursed +1 scale mail of Twilight {rPois rN++
                  | Int-4} (You bought it in a shop on level 2 of the Elven
                  | Halls)
 77177 | Elf:2    | Reached skill level 15 in Ice Magic
 77522 | Elf:2    | Noticed Donald
 77525 | Elf:2    | Upgraded the game from 0.23-a0-356-g1757c6e039 to
                  | 0.23-a0-358-g98c7a59ffc
 77539 | Elf:2    | Killed Donald
 77685 | Elf:2    | Reached XP level 23. HP: 173/173 MP: 31/41
 77775 | Elf:2    | Found a huge runed gate.
 77775 | Elf:2    | Found a huge runed gate.
 77786 | Elf:2    | Found a huge runed gate.
 77962 | Elf:3    | Entered Level 3 of the Elven Halls
 78025 | Elf:3    | Reached skill level 13 in Fighting
 78439 | Elf:3    | Found a portal to a secret trove of treasure.
 79372 | Elf:3    | Reached skill level 14 in Fighting
 79854 | Elf:3    | Identified the +4 scythe "Killer Klown's Peril" {slice,
                  | +Rage Str+3 Int+3}
 80450 | Elf:3    | Identified the ring of Biomecoc {rPois Str+5 Int-5 Stlth+}
 80645 | Elf:3    | Identified the ring of Beijaxku {rC+ MR+ Int+4 Dex+2}
 80930 | Elf:3    | Found the +2 pair of boots of the Assassin {Detection Stab+
                  | Stlth++}
 80958 | Elf:3    | Identified the Grimoire of Twisted Creation
 80963 | Elf:3    | Identified the cursed +1 ring mail of Kiedui Gusa {rPois
                  | Regen+ Str+4 Int+2} (You found it on level 3 of the Elven
                  | Halls)
 80986 | Elf:3    | Identified the Papyrus of Flames
 81061 | Elf:3    | Reached skill level 15 in Fighting
 81350 | Elf:3    | Identified Sif Muna's Papyrus of Noxious Battle Magic (Sif
                  | Muna gifted it to you on level 3 of the Elven Halls)
 81350 | Elf:3    | Received a gift from Sif Muna
 81418 | Elf:3    | Learned a level 6 spell: Bolt of Cold
 82127 | D:9      | Killed Erica
 82179 | Lair:3   | Killed Azzok's ghost
 82187 | Lair:3   | Killed Tinylith's ghost
 83019 | Depths:4 | Noticed a golden dragon
 83038 | Depths:4 | Killed a golden dragon
 83839 | Depths:4 | Noticed a caustic shrike
 83841 | Depths:4 | Killed a caustic shrike
 84330 | Depths:4 | Identified the +10 trident of Evolution {pierce, rPois}
                  | (You found it on level 4 of the Depths)
 84383 | Depths:4 | Reached XP level 24. HP: 188/188 MP: 21/41
 84655 | Depths:4 | Found a one-way gate to the infinite horrors of the Abyss.
 84753 | Depths:5 | Entered Level 5 of the Depths
 84826 | Depths:5 | Noticed a golden dragon
 85023 | Depths:5 | Noticed a juggernaut
 85195 | Depths:4 | Killed a juggernaut
 85425 | Depths:4 | Identified Sif Muna's Guide on Harmful Evil Arts (Sif Muna
                  | gifted it to you on level 4 of the Depths)
 85425 | Depths:4 | Received a gift from Sif Muna
 87283 | Depths:5 | Found a gate to the Realm of Zot.
 87712 | Vaults:5 | Entered Level 5 of the Vaults
 88028 | Vaults:4 | Identified Hixupano's Collected Works on the Lethal Compass
                  | (Sif Muna gifted it to you on level 4 of the Vaults)
 88028 | Vaults:4 | Received a gift from Sif Muna
 88187 | Vaults:5 | Noticed a golden dragon
 88195 | Vaults:5 | Killed a golden dragon
 88856 | Vaults:5 | Noticed a golden dragon
 89007 | Vaults:5 | Gained mutation: You are resistant to electric shocks.
                  | (rElec) [a shining eye]
 89538 | Vaults:4 | Killed a golden dragon
 89891 | Vaults:4 | Reached XP level 25. HP: 138/195 MP: 38/41
 90625 | Vaults:5 | Identified the +6 flail "Umaitic" {flame, -Tele rElec rPois
                  | Int-5}
 90637 | Vaults:5 | Reached skill level 16 in Fighting
 90733 | Vaults:5 | Reached skill level 10 in Invocations
 91783 | Vaults:5 | Got a silver rune of Zot
 91868 | Vaults:5 | Identified the cursed +3 spear of Infection {freeze, rC+
                  | rN+}
 92066 | Vaults:5 | Reached skill level 17 in Fighting
 92074 | Vaults:5 | Identified the ring of Esuableh {+Inv rPois Dex+4 Slay+2
                  | Stlth-}
 92099 | Vaults:5 | Identified the ring "Fibleso" {Str+3 Dex+2} (You took it
                  | off an orc on level 5 of the Vaults)
 92316 | Vaults:5 | Identified the ring "Nuiteot" {MP+9 Int-3 Dex+7} (You took
                  | it off a vault warden on level 5 of the Vaults)
 92317 | Vaults:5 | Identified the +9 plate armour of Weightlessness {SInv}
                  | (You took it off a vault warden on level 5 of the Vaults)
 92653 | Vaults:5 | Identified the Collected Works on Conjuration and Summoning
 92699 | Vaults:5 | Identified Veibled's Reference Book on Feathers
 92712 | Vaults:5 | Identified the Guide on Earth and the Blaze
 93419 | Vaults:5 | Identified the cursed +1 demon blade of Jeposmiq {flame,
                  | rF+ rN+ Dex+7}
 93795 | Elf:2    | Learned a level 6 spell: Deflect Missiles
 94147 | Zot:1    | Entered Level 1 of the Realm of Zot
 94801 | Zot:1    | Learned a level 3 spell: Regeneration
 94824 | Zot:1    | Reached skill level 5 in Air Magic
 94928 | Zot:1    | Reached skill level 5 in Charms
 94928 | Zot:1    | Reached skill level 1 in Necromancy
 95108 | Zot:1    | Noticed an orb of fire
 95117 | Zot:1    | Killed an orb of fire
 95117 | Zot:1    | Reached XP level 26. HP: 159/209 MP: 10/41
 95512 | Zot:2    | Killed a curse toe
 95711 | Zot:2    | Noticed a Killer Klown
 95803 | Zot:2    | Identified Sif Muna's Further Progress in Spellcasting (Sif
                  | Muna gifted it to you on level 2 of the Realm of Zot)
 95803 | Zot:2    | Received a gift from Sif Muna
 96479 | Zot:2    | Reached skill level 5 in Necromancy
 96792 | Zot:2    | Killed a Killer Klown
 97796 | Zot:2    | Noticed an orb of fire
 97942 | Zot:3    | Noticed an orb of fire
 97944 | Zot:3    | Gained mutation: You are frail. (-10% HP) [an orb of fire]
 97949 | Zot:3    | Killed an orb of fire
 98429 | Zot:3    | Reached skill level 10 in Charms
 99256 | Zot:3    | Reached skill level 18 in Fighting
 99427 | Zot:3    | Identified Mulerchoyx's Grimoire of Black Arts (Sif Muna
                  | gifted it to you on level 3 of the Realm of Zot)
 99427 | Zot:3    | Received a gift from Sif Muna
 99697 | Zot:3    | Reached XP level 27. HP: 161/195 MP: 11/41
 99845 | Zot:3    | Identified the +0 robe of Pickura {*Corrode +Blink rF+++
                  | Int-4} (You found it on level 3 of the Realm of Zot)
101825 | Zot:4    | Reached skill level 19 in Fighting
102155 | Zot:5    | Entered Level 5 of the Realm of Zot
102546 | Zot:5    | Noticed an orb of fire
102559 | Zot:5    | Killed an orb of fire
103183 | Zot:5    | Noticed an ancient lich
103464 | Zot:5    | Killed an ancient lich
103589 | Zot:5    | Noticed an orb of fire
103636 | Zot:5    | Gained mutation: Your mind is acute. (Int +2) [an orb of
                  | fire]
103637 | Zot:5    | Killed an orb of fire
103747 | Zot:5    | Noticed an ancient lich
103765 | Zot:5    | Killed an ancient lich
104176 | Zot:5    | Noticed an ancient lich
104183 | Zot:5    | Killed an ancient lich
104717 | Zot:5    | Received a gift from Sif Muna
105140 | Zot:5    | Reached skill level 15 in Spellcasting
105843 | Zot:5    | Reached skill level 20 in Fighting
107444 | Zot:5    | Noticed an orb of fire
107614 | Zot:5    | Killed an orb of fire
107735 | Zot:5    | Noticed an orb of fire
107736 | Zot:5    | Noticed an orb of fire
107745 | Zot:5    | Killed an orb of fire
107755 | Zot:5    | Gained mutation: Your magical capacity is low. (-10% MP)
                  | [an orb of fire]
107761 | Zot:5    | Gained mutation: Armour fits poorly on your strangely
                  | shaped body. [an orb of fire]
107762 | Zot:5    | Killed an orb of fire
107814 | Zot:5    | Lost mutation: Your magical capacity is low. (-10% MP)
                  | [potion of mutation]
107814 | Zot:5    | Lost mutation: Armour fits poorly on your strangely shaped
                  | body. [potion of mutation]
107814 | Zot:5    | Lost mutation: Your mind is acute. (Int +2) [potion of
                  | mutation]
107814 | Zot:5    | Gained mutation: Your body sometimes deteriorates upon
                  | taking damage. [potion of mutation]
107814 | Zot:5    | Gained mutation: Potions are less effective at restoring
                  | your health. [potion of mutation]
107814 | Zot:5    | Gained mutation: You are partially covered in slimy green
                  | scales. (AC +2) [potion of mutation]
107815 | Zot:5    | Lost mutation: You are frail. (-10% HP) [potion of
                  | mutation]
107815 | Zot:5    | Lost mutation: You are partially covered in slimy green
                  | scales. (AC +2) [potion of mutation]
107815 | Zot:5    | Gained mutation: You are resistant to hostile enchantments.
                  | (MR+) [potion of mutation]
107815 | Zot:5    | Gained mutation: You are agile. (Dex +2) [potion of
                  | mutation]
107816 | Zot:5    | Lost mutation: You are agile. (Dex +2) [potion of mutation]
107816 | Zot:5    | Lost mutation: Potions are less effective at restoring your
                  | health. [potion of mutation]
107816 | Zot:5    | Lost mutation: Your body sometimes deteriorates upon taking
                  | damage. [potion of mutation]
107816 | Zot:5    | Lost mutation: You are resistant to hostile enchantments.
                  | (MR+) [potion of mutation]
107816 | Zot:5    | Gained mutation: You passively map a small area around you.
                  | [potion of mutation]
107816 | Zot:5    | Gained mutation: You are somewhat resistant to further
                  | mutation. [potion of mutation]
107853 | Zot:5    | Noticed an orb of fire
107858 | Zot:5    | Killed an orb of fire
108769 | Zot:5    | Got the Orb of Zot
109131 | D:12     | Noticed Lirgh the pandemonium lord
109164 | D:12     | HP: 11/224 [???[Lirgh] (8)]
109166 | D:12     | Mangled by Lirgh the pandemonium lord

Vault maps used:
D:1:      lemuel_arrival_hallway
D:2:      lemuel_coloured_pillars_altar, marbit_many_paths, dk_noncrumbling_2
D:3:      nicolae_ashenzari_panopticon, ebering_ghost_reflecting_pool
D:4:      xom_confusion_cloud, uniq_grinder, uniq_ijyb
D:5:      gammafunk_wand_slinger, gammafunk_ghost_necromancy, first_ration,
          uniq_crazy_yiuf_cottage, uniq_menkaure
D:6:      nicolae_overflow_crystal_walls, kennysheep_mini, lemuel_round_altar,
          trog_ov_bears_minmay, old_standard_altar,
          minmay_temple_entry_statues_fountains, chequers_serial_rivers_micro_e,
          st_stairs_8, kennysheep_generic_room_12
D:7:      uniq_joseph
D:8:      minitemple, serial_curves, eino_curves_04, eino_curves_04
D:9:      minmay_distorted_concentric_squares, lemuel_round_altar,
          dpeg_oklobed_lair, uniq_erica
D:10:     ebering_ghost_funeral_grove, grunt_tengu_nest, grunt_decor_one_mirror,
          grunt_ministairs_3
D:11:     minmay_unpleasant_kobolds
D:12:     david_orc_5, yredelemnul_altar_generic
D:13:     erik_vaults_2, basic_altar
D:14:     minmay_fountain_box
D:15:     grunt_enter_depths_magical_seal, serial_shops, shop, shop,
          uniq_josephine, uniq_roxanne
Lair:1:   disabler_island
Lair:2:   beast_lair_carwin_large_3, spider_nest_entry_funnel_web,
          grunt_forest_large_clearing_hut, uniq_nergalle, uniq_gastronok
Lair:3:   minmay_shoals_entry_hut, gammafunk_ghost_cemetery
Lair:4:   grunt_megastairs_1, infiniplex_staircase_pool_2
Lair:5:   nzn_motion_control, dpeg_slime_entry_enclosed_altar,
          guppyfry_lair_drakes
Lair:6:   due_jungle_book, enter_volcano_3
Shoals:2: serial_shops, shop, uniq_louise
Shoals:4: shoals_end_simple
Spider:2: nicolae_spider_hall_of_the_moth_king
Spider:4: spider_rune_water, gammafunk_ghost_split, uniq_nikola
Orc:2:    st_orc_pillars, basic_altar, abandoned_shop
Elf:1:    elf_arrival_001, basic_altar, special_room, minmay_elf_demonology
Elf:2:    serial_shops, shop_fountains, small_statue_intersection,
          sword_in_stone
Elf:3:    minmay_elf_hall_curves, nicolae_trove_entry_free_sample,
          basic_stair_grate_trap, grunt_megastairs_2
Vaults:1: nicolae_vaults_little_ls, vaults_dpeg_ring,
          nicolae_vaults_network_square, nicolae_vaults_hallways_thing,
          v_misc_10, v_misc_33, nicolae_vaults_network_quinsquares,
          nicolae_vaults_network_barrier, v_alt_pattern_4, vaults_dpeg_diagonal,
          ontoclasm_vaults_hangar, v_misc_5, ontoclasm_vaults_ring_small,
          uniq_saint_roka
Vaults:2: hangedman_vaults_locks, nicolae_vaults_little_squares_1, st_cells,
          grunt_vaults_twisty, vaults_room_door_ring, vaults_room_boxed,
          hangedman_vaults_stagger, nicolae_vaults_yaktaur_gun_rack,
          hangedman_vaults_trim, vaults_room_pool, serial_shops,
          nicolae_shop_trees
Vaults:3: ontoclasm_vaults_gateway, ontoclasm_vaults_gallery, v_rooms_1,
          minmay_crypt_entry_simple_walls, vaults_room_semicircle,
          grunt_vaults_focal, vaults_room_hallway, serial_shops, shop,
          enter_trove_1
Vaults:4: advil_vaults_ghost_lines, nicolae_vaults_ninety_degrees,
          ontoclasm_vaults_pinch, nicolae_vaults_windows_and_doors_thing,
          ontoclasm_vaults_fault, v_pattern_2, nicolae_vaults_shelves_hall,
          ontoclasm_vaults_decontamination, nicolae_vaults_bisected_exclaves,
          v_misc_24, nicolae_vaults_gold_heap, serial_shops,
          nicolae_shop_overgrown_old_shop
Vaults:5: serial_shops
Depths:1: enter_ziggurat_c, kennysheep_nondescript, hell_entry,
          lemuel_another_geyser
Depths:2: gammafunk_the_bubble, hell_entry
Depths:3: grunt_twist_and_shout, hangedman_decor_points, hell_entry,
          grunt_pan_entry_spiral, minmay_staircase_bubble, uniq_jory
Depths:4: minmay_swirls_squares, kennysheep_minor_cross, abyss_entry, hell_entry
Depths:5: grunt_zot_entry_hairpin, hangedman_abyss_entry_splay, hell_entry
Zot:2:    nrook_zot_tub
Zot:4:    basic_stair_grate_trap
Volcano:  volcano_pools

Skill      XL: |  1  2  3  4  5  6  7  8  9 10 11 12 13 14 15 16 17 18 19 20 21 22 23 24 25 26 27 |
---------------+----------------------------------------------------------------------------------+-----
Conjurations   | 2 3 4 5 6 8 10 11 12 14 15 17 | 17.0
Ice Magic      | 4 5 6 7 8 10 11 12 13 15 17 | 17.0
Charms         | 2 5 10 13 | 13.0
Spellcasting   | 3 4 5 6 7 9 10 11 12 13 14 16 | 16.3
Summonings     | 4 5 7 8 |  8.0
Fighting       | 1 4 6 9 10 11 12 15 17 18 20 | 20.0
Dodging        | 4 7 10 13 | 13.9
Evocations     | 3 6 |  6.0
Shields        | 3 4 7 11 14 15 | 15.0
Hexes          | 4 |  4.0
Air Magic      | 3 5 6 |  6.0
Invocations    | 5 6 7 8 10 | 10.0
Armour         | 1 3 4 6 8 10 11 | 11.1
Long Blades    | 1 6 11 14 | 14.0
Translocations | 6 |  6.0
Necromancy     | 2 6 |  6.0
Stealth        | |  2.0

Action                   |  1- 3 |  4- 6 |  7- 9 | 10-12 | 13-15 | 16-18 | 19-21 | 22-24 | 25-27 || total
-------------------------+-------+-------+-------+-------+-------+-------+-------+-------+-------++-------
Melee: Whip              |     7 |     5 |       |       |       |       |       |       |       ||    12
       Dagger            |       |    20 |   147 |     4 |       |       |       |       |       ||   171
       Quarterstaff      |       |       |     8 |       |       |       |       |       |       ||     8
       Rapier            |       |       |       |    75 |    17 |       |       |     3 |       ||    95
       Staff             |       |       |       |     8 |    11 |     9 |     2 |     2 |    30 ||    62
       Demon blade       |       |       |       |       |   497 |   778 |   848 |   454 |   745 ||  3322
Throw: Stone             |     1 |       |       |       |       |       |       |       |       ||     1
       Tomahawk          |       |       |     2 |     2 |       |       |       |       |       ||     4
       Throwing net      |       |       |       |       |       |       |       |       |     1 ||     1
 Cast: Freeze            |    41 |    56 |    86 |   221 |    37 |     1 |     1 |       |       ||   443
       Throw Frost       |     8 |    21 |    34 |    74 |    86 |   121 |    72 |    37 |     5 ||   458
       Ozocubu's Armour  |       |       |     2 |       |     4 |    59 |    53 |    10 |       ||   128
       Summon Ice Beast  |       |       |    25 |    54 |    28 |    36 |       |       |       ||   143
       Throw Icicle      |       |       |     7 |    71 |   267 |   207 |   265 |   348 |   374 ||  1539
       Summon Lightning  |       |       |       |    21 |   133 |   186 |   135 |    46 |    20 ||   541
       Confuse           |       |       |       |     1 |    19 |     1 |     1 |       |       ||    22
       Freezing Cloud    |       |       |       |       |     6 |    20 |    34 |    38 |    16 ||   114
       Orb of Destructio |       |       |       |       |     4 |    33 |    46 |    66 |   123 ||   272
       Sticky Flame      |       |       |       |       |       |     4 |     5 |     2 |     1 ||    12
       Blink             |       |       |       |       |       |     4 |     7 |    13 |    19 ||    43
       Ozocubu's Refrige |       |       |       |       |       |       |     5 |       |       ||     5
       Passage of Golubr |       |       |       |       |       |       |       |     1 |       ||     1
       Bolt of Cold      |       |       |       |       |       |       |       |    51 |   135 ||   186
       Regeneration      |       |       |       |       |       |       |       |       |    18 ||    18
       Deflect Missiles  |       |       |       |       |       |       |       |       |     4 ||     4
Invok: Divine Energy     |       |       |       |     1 |       |       |       |       |       ||     1
       Channel Magic     |       |       |       |     1 |     4 |     8 |     2 |     2 |    16 ||    33
 Abil: Stop Flying       |       |       |       |       |       |     1 |       |       |       ||     1
Evoke: Wand              |       |     8 |    10 |    14 |    11 |    84 |    22 |     7 |    14 ||   170
       Lightning rod     |       |       |       |       |       |     4 |       |       |       ||     4
       Phial of floods   |       |       |       |       |       |     2 |       |       |       ||     2
       Box of beasts     |       |       |       |       |       |     1 |       |       |       ||     1
       Staff of energy   |       |       |       |       |       |       |       |       |     2 ||     2
  Use: Potion            |     1 |       |       |     2 |     4 |    19 |     3 |     8 |    22 ||    59
       Scroll            |       |     4 |     7 |    20 |    16 |    26 |     8 |    17 |    19 ||   117
 Stab: Sleeping          |       |     2 |     2 |       |     1 |       |     3 |     1 |     1 ||    10
       Distracted        |       |       |     1 |     3 |    12 |    14 |    22 |     3 |     2 ||    57
       Confused          |       |       |       |       |     3 |       |       |       |       ||     3
       Invisible         |       |       |       |       |       |       |       |     1 |     2 ||     3
       Held in net/web   |       |       |       |       |       |       |       |       |     3 ||     3
  Eat: Chunk             |     3 |     9 |    12 |    32 |    55 |    54 |    58 |    43 |    52 ||   318
       Ration            |       |     1 |     3 |     5 |     4 |    13 |     7 |    11 |    19 ||    63
Armor: Robe              |     4 |    15 |       |    27 |     2 |       |       |       |       ||    48
       Leather armour    |       |     5 |    63 |     5 |   162 |   402 |   109 |    24 |       ||   770
       Troll leather arm |       |       |       |    57 |    17 |       |       |       |       ||    74
       Ring mail         |       |       |       |       |       |       |       |    84 |    14 ||    98
       Quicksilver drago |       |       |       |       |       |       |       |       |   229 ||   229
Dodge: Dodged            |    23 |    58 |   143 |   124 |   294 |   561 |   238 |   193 |   266 ||  1900
       Deflected         |       |       |       |       |       |       |       |       |    22 ||    22
Block: Buckler           |       |       |    10 |   138 |   355 |   565 |       |       |       ||  1068
       Reflection        |       |       |       |     3 |    41 |    59 |    66 |    43 |    13 ||   225
       Shield            |       |       |       |       |       |   134 |   475 |   369 |   521 ||  1499
       Rpst.: Demon blade |       |       |       |       |    42 |    75 |    31 |    18 |    25 ||   191

Table legend:
 A = Non-vault XP
 B = Vault XP
 C = Vault XP percentage of total XP
 D = Non-vault monster count
 E = Vault monster count
 F = Vault count percentage of total count
                 A         B        C        D         E       F
            +---------+---------+-------+---------+---------+-------
      Total |  737323 |  600189 |  44.9 |    1389 |     675 |  32.7
            +---------+---------+-------+---------+---------+-------
        D:1 |      38 |       0 |   0.0 |      22 |       0 |   0.0
        D:2 |      39 |       2 |   4.9 |      13 |       1 |   7.1
        D:3 |      53 |       0 |   0.0 |      24 |       0 |   0.0
        D:4 |      93 |     337 |  78.4 |       5 |       6 |  54.5
        D:5 |     820 |     172 |  17.3 |      21 |       1 |   4.5
        D:6 |    1142 |     167 |  12.8 |      22 |       3 |  12.0
        D:7 |     848 |     233 |  21.6 |      22 |       1 |   4.3
        D:8 |    1059 |       0 |   0.0 |      21 |       0 |   0.0
        D:9 |    1041 |    1301 |  55.6 |      14 |       6 |  30.0
       D:10 |    1803 |     968 |  34.9 |      26 |       6 |  18.8
       D:11 |    2930 |     209 |   6.7 |      24 |       5 |  17.2
       D:12 |    2532 |     709 |  21.9 |      21 |      23 |  52.3
       D:13 |    9997 |    6909 |  40.9 |      58 |       8 |  12.1
       D:14 |    7078 |       0 |   0.0 |      32 |       0 |   0.0
       D:15 |    7708 |    6464 |  45.6 |      19 |      14 |  42.4
     Lair:1 |    2488 |     344 |  12.1 |      15 |       4 |  21.1
     Lair:2 |    3736 |    5664 |  60.3 |      14 |      18 |  56.2
     Lair:3 |    1098 |    2381 |  68.4 |       5 |       4 |  44.4
     Lair:4 |    1659 |     916 |  35.6 |       9 |       9 |  50.0
     Lair:5 |    6223 |    3025 |  32.7 |      24 |       8 |  25.0
     Lair:6 |    8715 |    2180 |  20.0 |      25 |       7 |  21.9
   Shoals:1 |   20519 |       0 |   0.0 |      50 |       0 |   0.0
   Shoals:2 |   14882 |    1349 |   8.3 |      34 |       1 |   2.9
   Shoals:3 |    8194 |     704 |   7.9 |      19 |       1 |   5.0
   Shoals:4 |   14274 |   19640 |  57.9 |      30 |      35 |  53.8
   Spider:1 |   11774 |       0 |   0.0 |      45 |       0 |   0.0
   Spider:2 |   17085 |    5708 |  25.0 |      55 |      12 |  17.9
   Spider:3 |    8702 |    3040 |  25.9 |      27 |       3 |  10.0
   Spider:4 |    8190 |   20795 |  71.7 |      16 |      43 |  72.9
      Orc:1 |    1892 |       0 |   0.0 |      22 |       0 |   0.0
      Orc:2 |    2523 |    9515 |  79.0 |      32 |      79 |  71.2
      Elf:1 |   13993 |   22817 |  62.0 |      22 |      36 |  62.1
      Elf:2 |   16744 |    7101 |  29.8 |      28 |       7 |  20.0
      Elf:3 |   10924 |   45866 |  80.8 |      24 |      38 |  61.3
   Vaults:1 |   31340 |   18168 |  36.7 |      65 |      33 |  33.7
   Vaults:2 |   32473 |   23887 |  42.4 |      64 |      39 |  37.9
   Vaults:3 |   15272 |   11963 |  43.9 |      38 |      11 |  22.4
   Vaults:4 |   19222 |   41955 |  68.6 |      37 |      46 |  55.4
   Vaults:5 |   10529 |   94505 |  90.0 |      13 |      64 |  83.1
   Depths:1 |   33215 |       0 |   0.0 |      43 |       0 |   0.0
   Depths:2 |   22980 |    1997 |   8.0 |      33 |       2 |   5.7
   Depths:3 |   28654 |   10935 |  27.6 |      47 |      18 |  27.7
   Depths:4 |   45159 |   40724 |  47.4 |      45 |      20 |  30.8
   Depths:5 |   17758 |   17868 |  50.2 |      15 |      15 |  50.0
      Zot:1 |   38498 |       0 |   0.0 |      19 |       0 |   0.0
      Zot:2 |   61167 |       0 |   0.0 |      40 |       0 |   0.0
      Zot:3 |   66602 |       0 |   0.0 |      36 |       0 |   0.0
      Zot:4 |   45465 |     796 |   1.7 |      22 |       1 |   4.3
      Zot:5 |   58193 |  164456 |  73.9 |      32 |      41 |  56.2
    Volcano |       0 |    4419 | 100.0 |       0 |       6 | 100.0
            +---------+---------+-------+---------+---------+-------
